 Dungeon Crawl Stone Soup version 0.31-a0-188-g5e087ee2ca (webtiles) character file.

Game seed: 10639387639308206737

48 qw the Shooter (level 3, 0/20 HPs)
             Began as a Deep Elf Hunter on June 23, 2023.
             Succumbed to an adder's poison
             ... on level 2 of the Dungeon.
             The game lasted 00:00:21 (1470 turns).

qw the Shooter (Deep Elf Hunter)                    Turns: 1470, Time: 00:00:22

Health: 0/20       AC:  3    Str: 10    XL:     3   Next: 50%
Magic:  5/5        EV: 12    Int: 13    God:
Gold:   126        SH:  0    Dex: 18    Spells: 2/2 levels left

rFire   . . .        Y - +0 shortbow
rCold   . . .        (shield currently unavailable)
rNeg    . . .        c - +0 leather armour
rPois   .            (no helmet)
rElec   .            (no cloak)
rCorr   .            (no gloves)
SInv    .            (no boots)
Will    .....        (no amulet)
Stlth   ++           (no ring)
HPRegen 0.23/turn    (no ring)
MPRegen 0.09/turn

%: no passive effects
@: lethally poisoned (0 -> -3)
A: no striking features
a: no special abilities


You were on level 2 of the Dungeon.
You visited 1 branch of the dungeon, and saw 2 of its levels.

You collected 126 gold pieces.


   Skills:
 - Level 1.5 Fighting
 + Level 7.0 Ranged Weapons
 - Level 2.4 Dodging
 - Level 1.2 Stealth


You had 2 spell levels left.
You didn't know any spells.
Your spell library was empty.

Inventory:

Hand Weapons
 Y - a +0 shortbow (weapon)
Armour
 c - a +0 leather armour (worn)
Jewellery
 b - a ring of see invisible
Scrolls
 a - 2 scrolls of identify
Potions
 d - a potion of ambrosia {unknown}
 f - a potion of curing {unknown}
 g - a potion of mutation {unknown}

Dungeon Overview and Level Annotations

Branches:
Dungeon (2/15)

Altars:


Message History

You shoot an arrow. The arrow hits the adder.
The adder is moderately wounded.
The adder bites you. x2
You are poisoned.
The adder poisons you!
You shoot an arrow. The arrow hits the adder.
The adder is severely wounded.
You feel sick. The adder completely misses you.
You shoot an arrow. The arrow barely misses the adder.
You feel sick. The adder barely misses you. The adder closely misses you.
You shoot an arrow.
The arrow hits the adder but does no damage.
The adder is severely wounded.
You feel sick. The adder closely misses you.
You shoot an arrow. The arrow closely misses the adder.
You feel sick.
You are no longer poisoned.
The adder bites you but does no damage. x2
You shoot an arrow. The arrow misses the adder.
The adder bites you but does no damage.
You shoot an arrow. The arrow barely misses the adder.
The adder barely misses you. The adder bites you.
You shoot an arrow. The arrow misses the adder.
The adder barely misses you.
You shoot an arrow. The arrow completely misses the adder.
The adder bites you but does no damage. The adder bites you.
You shoot an arrow.
The arrow hits the adder but does no damage.
The adder is severely wounded.
The adder bites you.
You are lethally poisoned!
The adder poisons you!
You shoot an arrow. The arrow closely misses the adder.
You feel sick. The adder misses you. The adder bites you but does no damage.
You shoot an arrow. The arrow hits the adder!
You kill the adder!
You feel sick.
Your Ranged Weapons skill increases to level 7!
There is a lethal amount of poison in your body!
You die...

.##..#.# #.#..##.# (###.#.#
#....[ #.##.##.# .##..#.#
#..... ####.##.##.# .......#
#..... #..........#
###.######.....##.####...###
#.# #.......#.###.###.#
#.#####.......#.##..# #.#
#.##..........#.##..###.#
#.##.##.......@....#...##
#.##.##.......#.......##
#.##.##.......####.####
#.............####.############
####.###.#.........#.%.........
#.......##.####.#.##########
#####...........#.####
#......######....#######
##...##......###.......#


There were no monsters in sight!

Vanquished Creatures
  An adder (D:2)
  A gnoll (D:1)
  A dart slug (D:2)
  3 bats
  5 endoplasms
  A giant cockroach (D:1)
  2 hobgoblins (D:1)
  3 kobolds
  A quokka (D:2)
  A ball python (D:1)
  2 frilled lizards (D:1)
  2 goblins (D:1)
  3 rats
26 creatures vanquished.

Notes
Turn   | Place    | Note
-------+----------+-------------------------------------------
     0 | D:1      | qw the Deep Elf Hunter began the quest for the Orb.
     0 | D:1      | Reached XP level 1. HP: 12/12 MP: 3/3
     0 | D:1      | 0 ||| qw: Version: 0.3-a-9-g12657ce
     0 | D:1      | 0 ||| qw: Game counter: 4285
     0 | D:1      | 0 ||| qw: Always use a shield: true
     0 | D:1      | 0 ||| qw: God list: Okawaru
     0 | D:1      | 0 ||| qw: Allow faded altars: false
     0 | D:1      | 0 ||| qw: Do Orc after D:15 true
     0 | D:1      | 0 ||| qw: Do second Lair branch before Depths: true
     0 | D:1      | 0 ||| qw: Lair rune preference: random
     0 | D:1      | 0 ||| qw: Plans: Normal
     0 | D:1      | 0 ||| PLANNING D:1-11
   233 | D:1      | Reached skill level 6 in Ranged Weapons
   233 | D:1      | Reached XP level 2. HP: 11/16 MP: 4/4
  1044 | D:1      | 1044 ||| READING scroll labelled MAVVIX ZOFAJ.
  1045 | D:1      | 1045 ||| READING scroll labelled KUOFUC HIEMULU.
  1048 | D:1      | 1048 ||| DROPPING scroll of butterflies.
  1135 | D:2      | Reached XP level 3. HP: 20/20 MP: 5/5
  1467 | D:2      | HP: 3/20 [adder (4)]
  1468 | D:2      | HP: 1/20 [poisoned by an adder]
  1470 | D:2      | Reached skill level 7 in Ranged Weapons
  1470 | D:2      | Succumbed to an adder's poison

Levels and vault maps discovered:
D:1:      dpeg_arrival_round_c, layout_loops_corners, nrook_uturn,
          serial_park_tiny_pond, st_stairs_14
D:2:      layout_loops_cross, basic_altar

Skill      XL: |  1  2  3 |
---------------+----------+-----
Ranged Weapons | 6 7 |  7.0
Fighting       | |  1.5
Dodging        | |  2.4
Stealth        | |  1.2

Action                     || total
---------------------------++-------
   Fire: Shortbow          ||    82
    Use: Scroll            ||     2
 Armour: Leather armour    ||    10
  Dodge: Dodged            ||    25

Table legend:
 A = Non-vault XP
 B = Vault XP
 C = Vault XP percentage of total XP
 D = Non-vault monster count
 E = Vault monster count
 F = Vault count percentage of total count
                 A         B        C        D         E       F
            +---------+---------+-------+---------+---------+-------
      Total |      67 |       2 |   2.9 |      25 |       1 |   3.8
            +---------+---------+-------+---------+---------+-------
        D:1 |      33 |       2 |   5.7 |      14 |       1 |   6.7
        D:2 |      34 |       0 |   0.0 |      11 |       0 |   0.0
            +---------+---------+-------+---------+---------+-------
